 Dungeon Crawl Stone Soup version 0.32-a0-893-gf85d74f360 (webtiles) character file.

Game seed: 3723261476737469555

407 pokedragonboy the Shield-Bearer (level 7, 0/44 (55) HPs)
             Began as a Formicid Fighter on Apr 3, 2024.
             Slain by a wight
             ... wielding a +0 dagger
              (2 damage)
             ... on level 7 of the Dungeon.
             The game lasted 00:05:52 (3986 turns).

pokedragonboy the Shield-Bearer (Formicid Fighter)  Turns: 3986, Time: 00:05:52

HP:   0/44 (55)     AC: 16    Str: 26    XL:     7   Next: 12%
MP:   18/18         EV:  6    Int:  8    God:
Gold: 266           SH:  5    Dex: 13    Spells: 6/6 levels left

rFire   . . .        n - +4 spear of Kismet {drain, rC+ Str+4}
rCold   + + .        c - +0 buckler
rNeg    . . .        j - +0 plate armour
rPois   .            (helmet unavailable)
rElec   .            l - +0 cloak
rCorr   .            v - +2 pair of gloves
SInv    +            (no boots)
Will    .....        (no amulet) Stlth
                     s - ring of magical power
HPRegen 0.27/turn    f - ring of protection from cold
MPRegen 0.16/turn

%: no passive effects
@: mighty, heavily drained
A: permanent stasis, dig shafts and tunnels, antennae 3, four strong arms
a: Dig, Shaft Self


You were on level 7 of the Dungeon.
You visited 1 branch of the dungeon, and saw 7 of its levels.

You collected 266 gold pieces.

Inventory:

Hand Weapons
 a - a +0 war axe
 n - the +4 spear of Kismet (weapon) {drain, rC+ Str+4}
   (You found it on level 2 of the Dungeon)

   Str+4:     It affects your strength (+4).
   rC+:       It protects you from cold.
Missiles
 m - 4 javelins
Armour
 c - a +0 buckler (worn)
 j - a +0 plate armour (worn)
 l - a +0 cloak (worn)
 v - a +2 pair of gloves (worn)
Jewellery
 f - a ring of protection from cold (right hand)
 s - a ring of magical power (left hand)
 w - a +6 ring of intelligence
Talismans
 q - a flux talisman
Scrolls
 b - 2 scrolls of poison {unknown}
 g - 2 scrolls of noise
 h - 2 scrolls of enchant armour {unknown}
 k - 3 scrolls of teleportation
 o - a scroll of amnesia {unknown}
 p - a scroll of revelation {unknown}
 r - a scroll of immolation
 t - a scroll of vulnerability
Potions
 e - a potion of lignification {unknown}
 i - a potion of brilliance {unknown}
 u - 2 potions of mutation {unknown}
 x - a potion of haste {unknown}


   Skills:
 + Level 4.5 Fighting
 * Level 4.4 Axes
 + Level 4.4 Armour
 + Level 5.3 Shields
 + Level 2.9 Invocations


You had 6 spell levels left.
You didn't know any spells.
Your spell library contained the following spells:

 Spells                   Type           Power      Damage    Failure   Level
 Summon Small Mammal      Summ           0%         N/A       100%        1
 Call Canine Familiar     Summ           0%         N/A       100%        3
 Summon Blazeheart Golem  Fire/Summ      0%         N/A       100%        4


Dungeon Overview and Level Annotations

Branches:
Dungeon (8/15)
 Temple: D:4-7         Lair: D:8-11

Altars:
Makhleb
Qazlal
Uskayaw
Wu Jian


Innate Abilities, Weirdness & Mutations

You cannot be hasted, slowed, berserked, paralysed or teleported.
You can dig through walls and to a lower floor.
You have a pair of large antennae on your head. (SInv)
Your four strong arms can wield two-handed weapons with a shield.


Message History

You barely miss the wight.
The wight is moderately damaged.
The wight hits you with a +0 dagger.
You feel drained. The wight barely misses you.
You hit the wight but do no damage.
The wight is moderately damaged.
The wight barely misses you. The wight hits you with a +0 dagger.
You feel drained.
You hit the wight.
The wight is heavily damaged.
The wight hits you but does no damage. x2
You hit the wight.
The wight is almost destroyed.
The wight completely misses you. The wight hits you with a +2 mace!
You feel drained.
You barely miss the wight.
The wight is almost destroyed.
The wight hits you but does no damage. The wight hits you with a +2 mace.
You feel drained.
You completely miss the wight.
The wight is almost destroyed.
The wight hits you but does no damage. The wight hits you with a +2 mace!
You feel drained.
You closely miss the wight.
The wight is almost destroyed.
The wight hits you with a +2 mace.
You feel drained. The wight hits you with a +0 dagger.
* * * LOW HITPOINT WARNING * * *
Okay, then.
You feel very mighty all of a sudden. The wight hits you with a +2 mace.
* * * LOW HITPOINT WARNING * * *
The wight hits you with a +0 dagger.
* * * LOW HITPOINT WARNING * * *
You feel drained.
* * * LOW HITPOINT WARNING * * *
You closely miss the wight.
The wight is almost destroyed.
The wight closely misses you. The wight hits you with a +0 dagger.
You die...

## ..# ######
#..###....#######
#..!............##
........#######.@#
.###..>.# ##zz#
#....## #....
##.....#######....#
#................##
#..###..............
)## #......#####....
##.....# ##...
#.....##


You could see 2 wights.

Vanquished Creatures
  2 hounds (D:5)
  2 jellies
  An iguana (D:5)
  2 sleepcaps
  2 orc wizards (D:4)
  4 gnolls
  5 adders
  2 dart slugs
  A ribbon worm (D:3)
  5 orcs (D:4)
  9 endoplasms
  6 giant cockroaches
  6 goblins
  3 hobgoblins
  2 quokkas
  4 ball pythons
  4 bats
  2 frilled lizards (D:3)
  4 kobolds
  5 rats
71 creatures vanquished.

Notes
Turn   | Place    | Note
-------+----------+-------------------------------------------
     0 | D:1      | pokedragonboy the Formicid Fighter began the quest for the
                  | Orb.
     0 | D:1      | Reached XP level 1. HP: 18/18 MP: 1/1
    79 | D:1      | Reached XP level 2. HP: 5/24 MP: 2/2
   358 | D:1      | Reached XP level 3. HP: 24/29 MP: 3/3
   462 | D:1      | Reached skill level 1 in Invocations
   964 | D:2      | Identified the +4 spear of Kismet {drain, rC+ Str+4}
   988 | D:2      | Reached XP level 4. HP: 37/37 MP: 4/4
  1881 | D:3      | Reached XP level 5. HP: 42/42 MP: 6/6
  2131 | D:3      | Found a stormy altar of Qazlal.
  2252 | D:3      | Noticed a +0 short sword
  2256 | D:3      | Noticed a +0 falchion
  2256 | D:3      | Noticed a +0 short sword
  2257 | D:3      | Noticed a +0 spear
  2257 | D:3      | Noticed a +0 falchion
  2257 | D:3      | Noticed a +0 spear
  2258 | D:3      | Noticed a +0 dagger
  2260 | D:3      | Noticed a +0 dagger
  2263 | D:3      | Found a hide-covered altar of Uskayaw.
  2889 | D:4      | Reached XP level 6. HP: 34/48 MP: 7/7
  2941 | D:4      | Found a burning altar of Makhleb.
  2970 | D:4      | Reached skill level 5 in Shields
  3048 | D:4      | Found an ornate altar of the Wu Jian Council.
  3749 | D:5      | Entered Level 5 of the Dungeon
  3846 | D:5      | Noticed an ogre
  3859 | D:5      | You fall into a shaft and drop 3 floors!
  3921 | D:7      | Reached XP level 7. HP: 55/55 MP: 9/9
  3985 | D:7      | HP: 2/44 [wight/+0 dagger (1)]
  3986 | D:7      | Slain by a wight

Illustrated notes

Levels and vault maps discovered:
D:1:      lightli_arrival_quake, layout_basic
D:2:      layout_basic, grunt_decor_junction
D:3:      layout_loops_corners, nicolae_qazlal_general_emergency,
          nicolae_uskayaw_en_pointe, serial_bayou, serial_bayou_lagoon_a,
          serial_bayou_pond_d, serial_bayou_shore_b, serial_bayou_lake_a,
          serial_bayou_lagoon_b
D:4:      layout_basic, mainiacjoe_overflow_six_doors_small,
          mainiacjoe_overflow_surrounded_room
D:5:      layout_loops_ring, hangedman_minor_gate_pass
D:7:      layout_layer_cave, mainiacjoe_overflow_brackets, minmay_manual_mess
D:8:      layout_basic, amcnicky_altar_gilded, st_stairs_5, uniq_gastronok,
          uniq_grum, uniq_amaemon

Skill      XL: |  1  2  3  4  5  6 |
---------------+-------------------+-----
Invocations    | 1 2 |  2.9
Axes           | 3 4 |  4.4
Fighting       | 4 |  4.5
Armour         | 4 |  4.4
Shields        | 5 |  5.3

Action                     |  1- 3 |  4- 6 |  7- 9 || total
---------------------------+-------+-------+-------++-------
  Melee: War axe           |    63 |       |       ||    63
         Spear             |     4 |   150 |    14 ||   168
Ability: Shaft Self        |       |     1 |       ||     1
    Use: Scroll            |       |     5 |       ||     5
         Potion            |       |       |     1 ||     1
 Armour: Scale mail        |    12 |       |       ||    12
         Plate armour      |    40 |    75 |    19 ||   134
  Dodge: Dodged            |    16 |    19 |     5 ||    40
  Block: Buckler           |    14 |    24 |     2 ||    40

Table legend: (Time is in decaauts)
 A = Elapsed time spent in this place.
 B = Non-inter-level travel time spent in this place.
 C = Inter-level travel time spent in this place.
 D = Time resting spent in this place.
 E = Time spent auto-exploring this place.
 F = Levels seen in this place.
 G = Mean time per level.
                   A        B        C        D        E       F      G
               +--------+--------+--------+--------+--------+-----+--------+
         Total |   4091 |   3975 |    116 |    264 |   3029 |   7 |  584.4 |
       Dungeon |   4091 |   3975 |    116 |    264 |   3029 |   7 |  584.4 |
               +--------+--------+--------+--------+--------+-----+--------+

Top non-repeatable levels by time:
     D:3: 1100 daAuts
     D:2: 972 daAuts
     D:4: 923 daAuts
     D:1: 859 daAuts
     D:5: 110 daAuts
     D:7: 76 daAuts
     D:8: 50 daAuts
